 Dungeon Crawl Stone Soup version 0.21.0-3-g78d12a8 (webtiles) character file.

143 Mgcat the Cudgeler (level 5, -3/32 HPs)
             Began as a Gargoyle Berserker on Jan 17, 2018.
             Was a Believer of Trog.
             Slain by an ooze (4 damage)
             ... on level 2 of the Dungeon.
             The game lasted 00:03:17 (1614 turns).

Mgcat the Cudgeler (Gargoyle Berserker)             Turns: 1614, Time: 00:03:18

Health: -3/32      AC:  2    Str: 20    XL:     5   Next: 25%
Magic:  5/5        EV: 12    Int:  8    God:    Trog [**....]
Gold:   13         SH:  0    Dex: 10    Spells: 4/4 levels left

rFire    . . .     SeeInvis .   a - +0 mace
rCold    . . .     Gourm    .   (no shield)
rNeg     + . .     Faith    .   b - +0 animal skin
rPois    ∞         Spirit   .   (no helmet)
rElec    +         Reflect  .   (no cloak)
rCorr    .         Harm     .   (no gloves)
MR       .....                  (no boots)
Stlth    +.........             (no amulet)
HPRegen  0.10/turn              (no ring)
MPRegen  0.09/turn              (no ring)

@: corroded, berserk cooldown, slowed, very slow
A: negative energy resistance 1, electricity resistance, unbreathing,
petrification resistance, rot immunity, AC +4
a: Berserk, Trog's Hand, Burn Spellbooks, Renounce Religion


You were on level 2 of the Dungeon.
You worshipped Trog.
Trog was pleased with you.
You were near starving.

You visited 1 branch of the dungeon, and saw 2 of its levels.

You collected 13 gold pieces.

Inventory:

Hand Weapons
 a - a +0 mace (weapon)
Armour
 b - a +0 animal skin (worn)
Scrolls
 d - a scroll of enchant armour {unknown}
 e - 2 scrolls of identify {unknown}
 g - 4 scrolls of teleportation {unknown}
 h - 2 scrolls of fog {unknown}
 l - a scroll of amnesia {unknown}
Potions
 f - 2 potions of lignification {unknown}
 i - 2 potions of ambrosia {unknown}
 j - a potion of invisibility {unknown}
 k - 2 potions of berserk rage {unknown}
Comestibles
 c - a ration
 m - 4 chunks of flesh


   Skills:
 - Level 3.2 Fighting
 + Level 5.8 Maces & Flails
 - Level 2.1 Armour
 - Level 1.5 Dodging


You had 4 spell levels left.
You didn't know any spells.

Dungeon Overview and Level Annotations

Branches:
Dungeon (2/15)

Altars:
Cheibriados
Dithmenos
Elyvilon
Kikubaaqudgha
Qazlal
Sif Muna
Trog
Wu Jian


Innate Abilities, Weirdness & Mutations

You are resistant to torment.
Your stone body is resilient. (AC +4)
You are immune to poison.
You resist negative energy. (rN+)
You are resistant to electric shocks. (rElec)
You can survive without breathing.
You are immune to petrification.
You are immune to rotting.


Message History

The jelly barely misses you.
You sock the jelly!
Your hands burn!
The jelly is severely wounded.
The jelly hits you but does no damage. The jelly hits you.
You are splashed with acid!
The acid burns!
* * * LOW HITPOINT WARNING * * *
You hit the jelly. The acid corrodes you!
Your hands burn!
* * * LOW HITPOINT WARNING * * *
The jelly is almost dead.
The jelly hits you but does no damage. x2
You sock the jelly!
You kill the jelly!
Trog accepts your kill. The ooze hits you.
* * * LOW HITPOINT WARNING * * *
You barely miss the ooze. The ooze barely misses you.
Unknown command.
Unknown command.
The ooze hits you.
You die...

.....####################........
....÷# ##.#..... ...(.# ###
#.#..... .....#
#######.##÷....$##.#.....
...†)####....#.#.#.PJP..##.#.....
...(.(##.....#.#.#......##.#.....
......'...)..#'#.#PJ..J.##.#...[.
......'........#†#÷.....##.#.....
......'........#@#JJ÷.PP##.#.....
......##.......#J#...÷..# #.....
......###......##'...P..# #.....
......# ##########...÷..# #.....
....... ####### #..... ######


You could see an ooze.

Vanquished Creatures
  A jelly (D:2)
  An adder (D:2)
  7 oozes
  A worm (D:2)
  4 dart slugs
  3 leopard geckos
  2 ball pythons (D:1)
  3 bats
  2 giant cockroaches (D:1)
  6 goblins
  6 hobgoblins
  7 jackals
  10 kobolds
  A quokka (D:2)
  2 frilled lizards
  8 rats
64 creatures vanquished.

Vanquished Creatures (others)
  A fungus (D:2)
  8 toadstools (D:2)
9 creatures vanquished.

Grand Total: 73 creatures vanquished

Notes
Turn   | Place    | Note
-------+----------+-------------------------------------------
     0 | D:1      | Mgcat the Gargoyle Berserker began the quest for the Orb.
     0 | D:1      | Reached XP level 1. HP: 14/14 MP: 1/1
    39 | D:1      | Reached XP level 2. HP: 9/19 MP: 2/2
   303 | D:1      | Reached skill level 4 in Maces & Flails
   325 | D:1      | Reached XP level 3. HP: 23/23 MP: 3/3
   624 | D:1      | Reached ** piety under Trog
   822 | D:2      | Reached XP level 4. HP: 26/28 MP: 4/4
  1219 | D:2      | Found a snail-covered altar of Cheibriados.
  1269 | D:2      | Found a bloodstained altar of Trog.
  1270 | D:2      | Found a shadowy altar of Dithmenos.
  1271 | D:2      | Found an ancient bone altar of Kikubaaqudgha.
  1271 | D:2      | Found an ornate altar of the Wu Jian Council.
  1273 | D:2      | Found a white marble altar of Elyvilon.
  1273 | D:2      | Found a deep blue altar of Sif Muna.
  1274 | D:2      | Found a stormy altar of Qazlal.
  1287 | D:2      | Reached skill level 5 in Maces & Flails
  1608 | D:2      | Reached XP level 5. HP: 27/32 MP: 5/5
  1612 | D:2      | HP: 1/32 [ooze (2)]
  1614 | D:2      | Slain by an ooze

Skill      XL: |  1  2  3  4 |
---------------+-------------+-----
Maces & Flails | 4 5 |  5.8
Fighting       | |  3.2
Armour         | |  2.1
Dodging        | |  1.5

Action                   |  1- 3 |  4- 6 || total
-------------------------+-------+-------++-------
Melee: Mace              |    94 |    90 ||   184
Invok: Berserk           |     1 |     1 ||     2
       Trog's Hand       |       |     1 ||     1
  Eat: Chunk             |     1 |     2 ||     3
Armor: Animal skin       |    32 |    38 ||    70
Dodge: Dodged            |   102 |    58 ||   160
